AoeStats
← 一级伐木

Arabia

513154875Analyzed
1v1 RM · 6d ago on Oct 12, 2026· 47m 29s· 2 players
Game mode
Random Map
Map size
Tiny (2 player)
Population
200
Speed
Normal
Resources
Standard
Victory
Conquest
Starting age
Dark Age
Ending age
Imperial Age
RankedLock teamsTeams togetherTeam positionsShared explorationLock speedFull tech treeHidden civsTurbo modeCheats
Victory
Defeat
🇨🇳 Burgundians · China
916
+17
vs
🇷🇺 Franks · Russia
927
-17
一级伐木
2:25 Loom
3:28 Double-Bit Axe
10:13 Feudal Age
9:42 Horse Collar
11:28 Bow Saw
12:28 Heavy Plow
18:29 Wheelbarrow
21:52 Castle Age
20:54 Forging
21:26 Hand Cart
21:55 Gold Mining
24:01 Two-Man Saw
22:33 Light Cavalry
24:38 Iron Casting
24:38 Husbandry
29:10 Crop Rotation
30:37 Gold Shaft Mining
31:28 Stone Mining
34:18 Imperial Age
33:19 Scale Barding Armor
33:53 Town Watch
34:12 Treadmill Crane
34:47 Guilds
35:10 Chain Barding Armor
35:25 Burgundian Vineyards
34:41 Elite Coustillier
36:55 Plate Barding Armor
37:20 Blast Furnace
38:58 Chemistry
38:59 Conscription
40:09 Hoardings
39:45 Masonry
39:32 Fletching
40:14 Bodkin Arrow
40:28 Herbal Medicine
40:49 Block Printing
42:19 Architecture
41:45 Murder Holes
42:00 Fortified Wall
44:33 Bracer
44:56 Ballistics
Няня Плам
7:48 Loom
10:16 Feudal Age
17:31 Double-Bit Axe
17:41 Gold Mining
20:41 Castle Age
22:17 Bow Saw
22:23 Forging
22:14 Scale Mail Armor
23:40 Stone Mining
25:37 Wheelbarrow
25:06 Pikeman
29:03 Hand Cart
28:38 Town Watch
34:24 Iron Casting
34:05 Chain Mail Armor
36:28 Imperial Age
35:12 Town Patrol
36:33 Elite Throwing Axeman
39:48 Blast Furnace
39:19 Plate Mail Armor
42:35 Halberdier
45:25 Chemistry
45:36 Squires
Connection lost

Rejoining the realm…

Still unreachable

The connection could not be restored.

Session expired

The server has moved on; the page needs a fresh start.